 Dungeon Crawl Stone Soup version 0.30-a0-373-gd37427bb62 (webtiles) character file.

Game seed: 7633431828794175893

11851 bande the Cleaver (level 11, -1/69 HPs)
             Began as a Gargoyle Fighter on Nov 24, 2022.
             Incinerated by a smoke demon (5 damage)
             ... with a sticky flame
             ... on level 10 of the Dungeon.
             The game lasted 00:18:29 (7505 turns).

bande the Cleaver (Gargoyle Fighter)                Turns: 7505, Time: 00:18:29

Health: -1/69      AC: 43    Str: 19    XL:     11   Next: 84%
Magic:  11/11      EV:  8    Int: 10    God:
Gold:   875        SH:  5    Dex: 13    Spells: 9/10 levels left

rFire   . . .      SeeInvis +    t - +14 obsidian axe {vorpal, Mesm Drain Fly SInv}
rCold   . . .      Faith    .    c - +0 buckler
rNeg    + + .      Spirit   .    k - +18 Lear's hauberk
rPois   ∞          Reflect  .    (helmet currently unavailable)
rElec   +          Harm     .    n - +1 cloak
rCorr   .          Rampage  .    (gloves currently unavailable)
Will    .....                    (boots currently unavailable)
Stlth   ..........               (no amulet)
HPRegen 0.31/turn                j - +4 ring of protection
MPRegen 0.12/turn                u - ring of positive energy

@: on fire, flying, glowing
A: sickness immunity, AC +8, negative energy resistance 1, electricity
resistance, torment resistance 1, petrification resistance, sturdy frame 1
a: no special abilities


You were on level 10 of the Dungeon.
You visited 2 branches of the dungeon, and saw 11 of its levels.

You collected 875 gold pieces.

Inventory:

Hand Weapons
 i - a +0 war axe
 t - the +14 obsidian axe (weapon) {vorpal, Mesm Drain Fly SInv}
   (You acquired it on level 7 of the Dungeon)

   It inflicts extra damage upon your enemies.
   It occasionally summons demons to assist the wielder when it strikes in
   combat.
   Its wielder is mesmerised by any visible foes.
   It cannot be unequipped while any foes are visible.
   SInv:      It lets you see invisible.
   Fly:       It grants you flight.
   Drain:     It drains your maximum health when unequipped.
 B - a +3 war axe of freezing
 G - a +3 flail of freezing
 J - a +1 scimitar of flaming
Missiles
 D - 2 throwing nets (quivered)
Armour
 b - a +0 scale mail
 c - a +0 buckler (worn)
 g - a +0 helmet
 k - the +18 Lear's hauberk (worn)
   (You found it on level 2 of the Dungeon)
 n - a +1 cloak (worn)
Jewellery
 a - a ring of protection from fire
 j - a +4 ring of protection (left hand)
 s - a ring of ice
 u - a ring of positive energy (right hand)
 x - an amulet of reflection
 H - an amulet of regeneration
 I - the ring "Wack" {Will+ Str-4 Int+4 Slay+2}
   (You found it on level 8 of the Dungeon)

   [ring of willpower]

   Str:       It affects your strength (-4).
   Int:       It affects your intelligence (+4).
   Slay:      It affects your accuracy & damage with ranged weapons and melee
   (+2).
   Will:      It increases your willpower.
 L - a ring of protection from fire
Wands
 o - a wand of iceblast (8)
 q - a wand of polymorph (5)
 r - a wand of digging (12)
Scrolls
 h - a scroll of identify
 p - 2 scrolls of fear
 v - 2 scrolls of fog
 y - 3 scrolls of teleportation
 E - a scroll of amnesia
Potions
 d - 3 potions of might
 e - a potion of mutation
 f - 6 potions of heal wounds
 l - 5 potions of curing
 m - a potion of berserk rage
 z - 2 potions of ambrosia
 A - 2 potions of flight
 C - 2 potions of haste
 F - 3 potions of brilliance
 K - 2 potions of resistance


   Skills:
 + Level 8.5 Fighting
 + Level 12.0 Axes
 + Level 7.5 Armour
 - Level 2.6 Stealth
 + Level 6.2 Shields
 * Level 0.6 Translocations
 * Level 6.9 Evocations


You had 9 spell levels left.
You knew the following spells:

 Your Spells              Type           Power      Damage    Failure   Level
a - Apportation           Tloc           2%         N/A       89%         1

Your spell library contained the following spells:

 Spells                   Type           Power      Damage    Failure   Level
 Magic Dart               Conj           0%         1d3       94%         1
 Call Imp                 Summ           0%         N/A       98%         2
 Poisonous Vapours        Pois/Air       0%         N/A       98%         2
 Static Discharge         Conj/Air       0%         2-2/arc   98%         2
 Dazzling Flash           Conj/Hex       0%         N/A       100%        3
 Ignite Poison            Fire/Tmut/Pois 0%         N/A       100%        3
 Mephitic Cloud           Conj/Pois/Air  0%         N/A       100%        3
 Vhi's Electric Charge    Tloc/Air       0%         N/A       100%        3
 Iskenderun's Mystic Bla  Conj/Tloc      0%         2d3       100%        4
 Sticky Flame             Conj/Fire      0%         2d3       100%        4
 Alistair's Intoxication  Tmut/Pois      0%         N/A       100%        5
 Arcjolt                  Conj/Air       0%         1d10      100%        5
 Lightning Bolt           Conj/Air       0%         1d11      100%        5
 Starburst                Conj/Fire      0%         6d3       100%        6
 Ignition                 Fire           0%         3d3       100%        8
 Cigotuvi's Dreadful Rot  Necr/Pois/Air  Unusable   N/A       N/A         2

Dungeon Overview and Level Annotations

Branches:
Dungeon (10/15)            Temple (1/1) D:5
   Lair: D:8-11         Orc: D:9-12

Altars:
Ashenzari
Cheibriados
Dithmenos
Elyvilon
Fedhas
Gozag
Kikubaaqudgha
Makhleb
Nemelex Xobeh
Qazlal
Ru
Sif Muna
Trog
Uskayaw
Vehumet
Xom
Yredelemnul
Zin
The Shining One

Shops:
D:2 :   D:6 :?   D:8 (

Annotations:
D:3 2 transporters


Innate Abilities, Weirdness & Mutations

You are immune to sickness and miasma.
Your stone body is resilient. (AC +8)
You are immune to poison.
You resist negative energy. (rN+)
You are resistant to electric shocks. (rElec)
You are resistant to unholy torment.
You are immune to petrification.
Your movements are slightly less encumbered by armour. (ER -2)


Message History

The smoke demon hits you but does no damage. x2
The smoke demon hits you.
You slash the vampire mosquito!
You are no longer entranced.
You destroy the vampire mosquito!
You barely miss the smoke demon.
Visions of slaying the smoke demon flood into your mind.
The smoke demon gestures at you. Something smites you!
A smoke demon is nearby!
A smoke demon is nearby!
You are too injured to fight recklessly!
You are too injured to fight recklessly!
The smoke demon closely misses you. x2; You block the smoke demon's attack.
You cannot move away from the smoke demon!
You cannot move away from the smoke demon!
You cannot move away from the smoke demon!
The smoke demon gestures at you.
The sticky flame hits you but does no damage.
You are covered in liquid flames!
You slash the smoke demon!
The smoke demon is heavily wounded.
You are covered in liquid flames!
* * * LOW HITPOINT WARNING * * *
The smoke demon gestures at you.
The sticky flame hits you but does no damage.
You are covered in liquid flames!
You slash the smoke demon!
The smoke demon is almost dead.
You are covered in liquid flames!
* * * LOW HITPOINT WARNING * * *
The smoke demon gestures at you. Something smites you!
* * * LOW HITPOINT WARNING * * *
You slice the smoke demon!!
You are no longer entranced.
You kill the smoke demon!
The smoke demon disappears in a puff of smoke!
You are covered in liquid flames!
You die...

... .. ...
..###.. .......
....... .......
#####.
.......###......
......†<........
......†§@.....[.
................
................
................
........########
........#
........#
........#


There were no monsters in sight!

Vanquished Creatures
  A two-headed ogre (D:9)
  A boulder beetle (D:8)
  Pikel (D:3)
  A cyclops (D:8)
  An ugly thing (D:8)
  A manticore (shapeshifter) (D:8)
  A manticore (D:8)
  2 efreet (D:8)
  A troll (D:6)
  Grinder (D:3)
  2 hornets
  A wraith (D:8)
  5 yaks (D:9)
  A steam dragon (D:8)
  6 vampire mosquitoes
  A water moccasin (D:7)
  2 orc warriors
  A black bear (D:7)
  3 sky beasts
  2 ice beasts
  An ogre (D:7)
  A lemure (D:3)
  3 centaurs
  2 kobold brigands (D:9)
  3 phantoms
  6 bullfrogs
  A necrophage (D:7)
  4 scorpions
  9 wights
  5 killer bees (D:7)
  An electric eel (D:6)
  5 howler monkeys
  4 hounds
  2 jellies
  Crazy Yiuf (D:2)
  3 orc priests
  A gnoll bouda (D:7)
  Ijyb (D:3)
  5 iguanas
  6 orc wizards
  Terence (D:3)
  Robin (D:4)
  7 gnolls
  10 adders
  A shadow imp (D:6)
  3 white imps
  5 worms
  36 orcs
  9 endoplasms
  3 giant cockroaches
  15 goblins
  11 hobgoblins
  7 jackals
  A quokka (D:5)
  3 training dummies (D:8)
  5 ball pythons
  6 bats
  2 frilled lizards
  27 kobolds
  9 rats
261 creatures vanquished.

Vanquished Creatures (collateral kills)
  A centaur warrior (D:8)
  4 yaks (D:9)
  A vampire mosquito (D:7)
  A centaur (D:8)
  A kobold brigand (D:8)
  A bullfrog (D:9)
  A wight (D:7)
  2 kobolds (D:8)
12 creatures vanquished.

Grand Total: 273 creatures vanquished

Notes
Turn   | Place    | Note
-------+----------+-------------------------------------------
     0 | D:1      | bande the Gargoyle Fighter began the quest for the Orb.
     0 | D:1      | Reached XP level 1. HP: 14/14 MP: 1/1
   108 | D:1      | Reached skill level 2 in Axes
   111 | D:1      | Reached XP level 2. HP: 15/19 MP: 2/2
   411 | D:1      | Reached XP level 3. HP: 24/24 MP: 3/3
   705 | D:2      | Found the +18 Lear's hauberk
  1041 | D:2      | Found Riuvalyo's Book Shop.
  1152 | D:2      | Found a runed translucent door.
  1153 | D:2      | Noticed Crazy Yiuf
  1258 | D:2      | Killed Crazy Yiuf
  1259 | D:2      | Reached XP level 4. HP: 22/29 MP: 4/4
  1381 | D:3      | Found the amulet of Elemental Vulnerability {rPois rF--
                  | rC-- AC+8}
  1482 | D:3      | Noticed Terence
  1490 | D:3      | Killed Terence
  1491 | D:3      | Reached XP level 5. HP: 33/33 MP: 5/5
  1499 | D:3      | Found a transporter.
  1513 | D:3      | Reached skill level 3 in Axes
  1524 | D:3      | Noticed Grinder
  1532 | D:3      | Paralysed by Grinder for 3 turns
  1540 | D:3      | Paralysed by Grinder for 3 turns
  1543 | D:3      | Killed Grinder
  1544 | D:3      | Reached skill level 4 in Axes
  1544 | D:3      | Reached XP level 6. HP: 31/39 MP: 6/6
  1635 | D:3      | Found a radiant altar of Vehumet.
  1815 | D:3      | Found a faded altar of an unknown god.
  1880 | D:3      | Found a transporter.
  1892 | D:3      | Noticed Ijyb
  1909 | D:3      | Killed Ijyb
  2359 | D:4      | Noticed Pikel
  2370 | D:4      | Reached XP level 7. HP: 24/44 MP: 7/7
  2482 | D:3      | Killed Pikel
  2483 | D:3      | Reached skill level 5 in Axes
  2483 | D:3      | Reached skill level 5 in Armour
  2483 | D:3      | Reached XP level 8. HP: 45/48 MP: 8/8
  2530 | D:4      | Found a shimmering altar of Xom.
  2669 | D:4      | Noticed Robin
  2678 | D:4      | Killed Robin
  2679 | D:4      | Reached skill level 6 in Axes
  2911 | D:4      | Reached skill level 5 in Fighting
  3103 | D:5      | Entered Level 5 of the Dungeon
  3294 | D:5      | Found a staircase to the Ecumenical Temple.
  3306 | Temple   | Entered the Ecumenical Temple
  3423 | D:5      | Reached skill level 7 in Axes
  3965 | D:6      | Reached XP level 9. HP: 54/54 MP: 9/9
  3984 | D:6      | Noticed a troll
  3996 | D:6      | Killed a troll
  4103 | D:6      | Found a broken altar of Ashenzari.
  4237 | D:6      | Reached skill level 8 in Axes
  4439 | D:6      | Reached skill level 5 in Shields
  4451 | D:6      | Found an ancient bone altar of Kikubaaqudgha.
  4529 | D:6      | Found Linor's Magic Scroll Shop.
  4533 | D:6      | Found Jodukel's Book Shop.
  4827 | D:7      | Identified a scroll of acquirement
  4827 | D:7      | Acquired the +14 obsidian axe {vorpal, Mesm Drain Fly SInv}
  4827 | D:7      | Found the +14 obsidian axe {vorpal, Mesm Drain Fly SInv}
  5109 | D:7      | Reached skill level 9 in Axes
  5161 | D:7      | Reached XP level 10. HP: 61/61 MP: 10/10
  5168 | D:7      | Reached skill level 1 in Stealth
  5386 | D:8      | Found an opulent altar of Gozag.
  5454 | D:8      | Noticed a centaur warrior
  5454 | D:8      | Noticed a cyan ugly thing
  5461 | D:8      | Killed a centaur warrior
  5462 | D:8      | Reached skill level 5 in Evocations
  5465 | D:8      | Killed a cyan ugly thing
  5466 | D:8      | Reached skill level 10 in Axes
  5484 | D:8      | Identified the ring "Wack" {Will+ Str-4 Int+4 Slay+2}
  5536 | D:8      | Noticed a cyclops
  5543 | D:8      | Killed a cyclops
  5544 | D:8      | Reached XP level 11. HP: 67/67 MP: 11/11
  5673 | D:8      | Noticed a boulder beetle
  5684 | D:8      | Killed a boulder beetle
  5685 | D:8      | Reached skill level 11 in Axes
  5712 | D:8      | Noticed a shining eye
  5716 | D:8      | a shining eye changed into a manticore
  5716 | D:8      | Noticed a manticore (shapeshifter)
  5719 | D:8      | Killed a manticore
  5752 | D:8      | Identified the +6 great sword of Guumyasos {vorpal, rElec
                  | rF+++ rC- Str+5}
  5756 | D:8      | Identified the +10 mace "Impslayer" {holy, rElec rN+ Will+
                  | Dex+6}
  5808 | D:8      | Found Etaakig's Firing Range.
  5909 | D:8      | Found a hide-covered altar of Uskayaw.
  6066 | D:8      | Identified the +6 flail of Kismet {vorpal, *Noise rCorr
                  | Str+6}
  6203 | D:8      | Found a shimmering blue altar of Sif Muna.
  6271 | D:8      | Noticed a manticore
  6287 | D:8      | Killed a manticore
  6617 | D:9      | Noticed a two-headed ogre
  6623 | D:9      | Killed a two-headed ogre
  6668 | D:9      | Gained mutation: You have a pair of small antennae on your
                  | head. [potion of mutation]
  6668 | D:9      | Lost mutation: You have a pair of small antennae on your
                  | head. [potion of mutation]
  6668 | D:9      | Gained mutation: Your movements are slightly less
                  | encumbered by armour. (ER -2) [potion of mutation]
  7211 | D:9      | Learned a level 1 spell: Apportation
  7489 | D:10     | Entered Level 10 of the Dungeon
  7494 | D:10     | Reached skill level 12 in Axes
  7505 | D:10     | Incinerated by a smoke demon

Illustrated notes

Levels and vault maps discovered:
D:1:      heliophobic_arrival_battle_scene, layout_loops_cross,
          minmay_tetromino_l2
D:2:      layout_rooms, serial_shops, nicolae_shop_behind_doors,
          uniq_crazy_yiuf_cottage
D:3:      gammafunk_wand_slinger, layout_basic, nicolae_overflow_crystal_walls,
          hellmonk_ecumenical_altar_dog_temple, serial_co_window_serial,
          co_window_of_opportunity_a, co_window_corner_a, co_window_paths_a,
          co_window_paths_b, co_window_corner_a, co_window_of_opportunity_b,
          co_window_2corner, co_window_2corner, glass_columns_a,
          glass_columns_a, glass_columns_b, uniq_grinder, uniq_terence,
          uniq_ijyb
D:4:      layout_rooms, lemuel_crystal_altar, minmay_quadrilaterals, uniq_robin,
          uniq_pikel
D:5:      layout_basic, minmay_temple_entry_statues_pillars,
          minmay_strange_pillars, grunt_decor_clamped, chequers_hall_statues_y
D:6:      layout_loops_ring, nicolae_ashenzari_panopticon,
          mainiacjoe_overflow_alcove_4, dk_noncrumbling_3,
          nicolae_wooded_promenade
D:7:      layout_rooms, kennysheep_generic_room_7
D:8:      minmay_the_grid_octo_triangle [minmay_the_grid_octo_focus,
          minmay_the_grid_octo_prize_square_snowflake,
          minmay_the_grid_octo_teeth], layout_loops_ring,
          mainiacjoe_overflow_paths, lemuel_blue_sif_altar,
          kennysheep_little_box, minmay_misc_feat_rugged,
          nicolae_shop_firing_range
D:9:      layout_loops_corners, nicolae_titane
D:10:     layout_irregular_city, chequers_temple_overflow_statue_of_worship,
          minmay_lair_entry_grove
Temple:   nicolae_temple_x_marks_the_god

Skill      XL: |  1  2  3  4  5  6  7  8  9 10 11 |
---------------+----------------------------------+-----
Axes           | 2 4 5 7 9 10 12 | 12.0
Armour         | 4 5 6 7 |  7.5
Fighting       | 4 5 6 7 8 |  8.5
Shields        | 4 5 6 |  6.2
Evocations     | 2 3 4 5 6 |  6.9
Stealth        | 2 |  2.6
Translocations | |  0.6

Action                   |  1- 3 |  4- 6 |  7- 9 | 10-12 || total
-------------------------+-------+-------+-------+-------++-------
Melee: War axe           |    96 |   117 |   256 |       ||   469
       Broad axe         |       |       |    43 |   164 ||   207
  Use: Scroll            |       |     4 |     7 |    15 ||    26
       Potion            |       |       |       |     1 ||     1
 Stab: Distracted        |       |       |       |     1 ||     1
Armor: Scale mail        |    36 |       |       |       ||    36
       Chain mail        |    25 |   115 |   239 |   137 ||   516
Dodge: Dodged            |    43 |    49 |    99 |    54 ||   245
Block: Buckler           |    29 |    30 |    83 |    44 ||   186

Table legend: (Time is in decaauts)
 A = Elapsed time spent in this place.
 B = Non-inter-level travel time spent in this place.
 C = Inter-level travel time spent in this place.
 D = Time resting spent in this place.
 E = Time spent auto-exploring this place.
 F = Levels seen in this place.
 G = Mean time per level.
                   A        B        C        D        E       F      G
               +--------+--------+--------+--------+--------+-----+--------+
         Total |   7668 |   7503 |    165 |     70 |   5492 |  11 |  697.1 |
       Dungeon |   7584 |   7419 |    165 |     70 |   5492 |  10 |  758.4 |
        Temple |     83 |     83 |      0 |      0 |      0 |   1 |   83.0 |
               +--------+--------+--------+--------+--------+-----+--------+

Top non-repeatable levels by time:
     D:8: 1212 daAuts
     D:3: 1158 daAuts
     D:6: 957 daAuts
     D:9: 925 daAuts
     D:1: 703 daAuts
     D:5: 691 daAuts
     D:2: 677 daAuts
     D:4: 675 daAuts
     D:7: 567 daAuts
  Temple: 83 daAuts
    D:10: 16 daAuts
